 Dungeon Crawl Stone Soup version 0.19-a0-1670-gc28a5d9 (webtiles) character file.

83 st0uf the Changer (level 4, -13/35 HPs)
             Began as a Draconian Transmuter on Sept 21, 2016.
             Killed from afar by Ijyb (21 damage)
             ... with a wand of lightning
             ... on level 2 of the Dungeon.
             The game lasted 00:06:49 (1907 turns).

st0uf the Changer (Draconian Transmuter)            Turns: 1907, Time: 00:06:50

Health: -13/35     AC:  5    Str: 12    XL:     4   Next: 22%
Magic:  4/8        EV: 12    Int: 14    God:
Gold:   38         SH:  0    Dex: 12    Spells: 3 memorised, 3 levels left

rFire  . . .     SeeInvis .       - Unarmed
rCold  + . .     Gourm    .     (armour unavailable)
rNeg   . . .     Faith    .     (no shield)
rPois  .         Spirit   .     (helmet restricted)
rElec  .         Dismiss  .     (no cloak)
rCorr  .         Reflect  .     (no gloves)
MR     .....     Harm     .     (no boots)
Stlth  +.........               (no amulet)
                                (no ring)
                                m - ring of protection from cold

@: appendage (expiring)
A: unfitting armour, horns 2, cold-blooded, AC +5
a: End Transformation


You were on level 2 of the Dungeon.
You were not hungry.
You had grown temporary horns.
You visited 1 branch of the dungeon, and saw 2 of its levels.

You collected 38 gold pieces.

Inventory:

Missiles
 a - 35 arrows
Jewellery
 i - an uncursed ring of protection from fire
 k - an uncursed ring of protection from fire
 m - a ring of protection from cold (left hand)
Scrolls
 f - a scroll of fear {unknown}
 g - a scroll of magic mapping {unknown}
 h - a scroll of teleportation {unknown}
 j - a scroll of enchant weapon {unknown}
 l - a scroll of identify {unknown}
Potions
 e - 4 potions of curing {unknown}
Books
 b - a book of Changes

   Spells                             Type                      Level
   a - Beastly Appendage              Transmutation                1
   b - Sticks to Snakes               Transmutation                2
   c - Spider Form                    Transmutation/Poison         3
   d - Ice Form                       Ice/Transmutation            4
   e - Blade Hands                    Transmutation                5
Comestibles
 c - 2 bread rations
 d - a meat ration


   Skills:
 + Level 1.1 Fighting
 + Level 1.7 Dodging
 + Level 3.0 Unarmed Combat
 * Level 3.2 Spellcasting
 * Level 3.5 Transmutations


You had 3 spell levels left.
You knew the following spells:

 Your Spells              Type           Power        Failure   Level  Hunger
a - Beastly Appendage     Tmut           ##....       6%          1    #......
b - Sticks to Snakes      Tmut           ##......     10%         2    ##.....
c - Spider Form           Tmut/Pois      #.........   30%         3    ###....


Dungeon Overview and Level Annotations

Branches:
Dungeon (2/15)

Altars:

Annotations:
D:2 Ijyb


Innate Abilities, Weirdness & Mutations

Your plain brown scales are hard. (AC +5)
Your body does not fit into most forms of armour.
You are cold-blooded and may be slowed by cold attacks.
You have a pair of horns on your head.


Message History

Anything else - Cancel.
Gang up on whom?
Press: ? - help, Dir - move target cursor, f - Ijyb
Aim: Ijyb, wielding a dagger and carrying a wand of lightning {zapped: 3} Attack!
Your transformation is almost over.
Ijyb zaps a wand.
The bolt of lightning hits you!
Ouch! That really hurt!
* * * LOW HITPOINT WARNING * * *
You swap places.
Your ball python bites Ijyb.
Your ball python grabs Ijyb.
Your ball python constricts Ijyb.
Ijyb screams, "Get away!"
Ijyb hits you but does no damage.
You hit Ijyb.
Ijyb is moderately wounded.
Your ball python bites Ijyb but does no damage.
Your ball python constricts Ijyb.
Ijyb zaps a wand.
The bolt of lightning hits you!
Ouch! That really hurt!
You die...

.....##################.# #.###(
.....# #.......# #.# ##.###.
.....######.......# ##.###......
..........'.......# #..........<
...(......#.......# #..###......
..........#.#'#<#.####..###......
.................................
..................####..##.......
.#.##..........S@S# #..##.......
............#.#.#g# #...........
...#.(...<#.#.#.#.####.###.......
................#..........##.###
.......#.##.#.#.#.......#.....#
...#............#...###.#..####
...#..........###.... #....# ..
#...#####.........#..#....#### .
#...@g.........#..#..#....#...


You could see Ijyb and 2 friendly ball pythons.

Vanquished Creatures
  Terence (D:2)
  A gnoll (D:1)
  An adder (D:2)
  A giant cockroach (D:1)
  5 hobgoblins
  3 jackals (D:1)
  4 bats (D:1)
  8 goblins (D:1)
  5 kobolds
  A rat (D:1)
30 creatures vanquished.

Vanquished Creatures (collateral kills)
  An adder (D:2)
  A rat (D:2)
2 creatures vanquished.

Grand Total: 32 creatures vanquished

Notes
Turn   | Place    | Note
-------+----------+-------------------------------------------
     0 | D:1      | st0uf the Draconian Transmuter began the quest for the Orb.
     0 | D:1      | Reached XP level 1. HP: 16/16 MP: 3/3
   278 | D:1      | Reached XP level 2. HP: 23/23 MP: 3/5
   836 | D:1      | Learned a level 2 spell: Sticks to Snakes
  1064 | D:1      | Reached XP level 3. HP: 24/28 MP: 4/6
  1132 | D:2      | Learned a level 3 spell: Spider Form
  1520 | D:2      | Noticed Terence
  1520 | D:2      | Noticed Ijyb
  1841 | D:2      | Killed Terence
  1841 | D:2      | Reached XP level 4. HP: 35/35 MP: 4/8
  1907 | D:2      | Killed from afar by Ijyb

Vault maps used:
D:1:      scummos_arrival_simple_fountains, hangedman_glass_teeth,
          minmay_pentomino_r2
D:2:      uniq_terence, uniq_iyjb

Skill      XL: |  1  2  3 |
---------------+----------+-----
Transmutations | 3 |  3.5
Spellcasting   | 3 |  3.2
Fighting       | |  1.1
Dodging        | |  1.7
Unarmed Combat | |  3.0

Action                   |  1- 3 |  4- 6 || total
-------------------------+-------+-------++-------
Melee: Unarmed           |   102 |     2 ||   104
       Tailslap          |    12 |       ||    12
       Kick              |     8 |       ||     8
       Headbutt          |     3 |     1 ||     4
       Punch             |     1 |       ||     1
 Cast: Beastly Appendage |    16 |     1 ||    17
       Sticks to Snakes  |     4 |     2 ||     6
       Spider Form       |     2 |       ||     2
 Stab: Sleeping          |     1 |       ||     1
  Eat: Chunk             |     3 |     1 ||     4
Armor: Skin              |    28 |       ||    28
Dodge: Dodged            |    75 |     1 ||    76
